 Dungeon Crawl Stone Soup version 0.26-a0-597-gb535b0901c (webtiles) character file.

Game seed: 12226953063881395416

1691 Lanoc the Skirmisher (level 8, -3/87 HPs)
             Began as a Troll Wanderer on Sept 15, 2020.
             Slain by a brown ugly thing (6 damage)
             ... on level 8 of the Dungeon.
             The game lasted 00:06:54 (4076 turns).

Lanoc the Skirmisher (Troll Wanderer)               Turns: 4076, Time: 00:06:54

Health: -3/87      AC: 19    Str: 20    XL:     8   Next: 72%
Magic:  7/7        EV: 10    Int:  8    God:
Gold:   277        SH:  0    Dex: 12    Spells: 7/7 levels left

rFire    x . .     SeeInvis .   (no weapon)
rCold    + + .     Faith    .   (no shield)
rNeg     . . .     Spirit   .   u - +0 ice dragon scales
rPois    .         Reflect  .   e - +2 hat
rElec    .         Harm     .   (no cloak)
rCorr    .         Rnd*Tele +   (gloves unavailable)
MR       .....                  (boots unavailable)
Stlth    ..........             (no amulet)
HPRegen  0.64/turn              k - ring of teleportation (curse)
MPRegen  0.10/turn              v - +4 ring of protection

@: berserk cooldown, slowed, drained, very slow
A: large, unfitting armour, claws 3, regeneration 1, shaggy fur 1, tough skin 3
a: no special abilities


You were on level 8 of the Dungeon.
You visited 1 branch of the dungeon, and saw 8 of its levels.

You collected 277 gold pieces.

Inventory:

Armour
 e - a +2 hat (worn)
 u - +0 ice dragon scales (worn)
Jewellery
 k - a cursed ring of teleportation (left claw)
 l - an uncursed ring of poison resistance
 v - a +4 ring of protection (right claw)
Wands
 i - a wand of digging (4)
 q - a wand of acid (21)
Scrolls
 a - 5 scrolls of teleportation {unknown}
 f - 5 scrolls of identify
 g - 2 scrolls of amnesia
 j - a scroll of random uselessness {unknown}
 m - a scroll of brand weapon {unknown}
 n - 4 scrolls of remove curse {unknown}
 o - a scroll of enchant weapon {unknown}
 s - a scroll of fog {unknown}
 x - a scroll of magic mapping {unknown}
Potions
 b - 2 potions of lignification
 c - 2 potions of curing
 d - a potion of degeneration
 h - a potion of berserk rage
 r - a potion of cancellation {unknown}
 t - a potion of mutation {unknown}
 w - a potion of stabbing {unknown}


   Skills:
 + Level 7.4(6.7) Fighting
   Level 1.0(0.4) Polearms
 - Level 1.0(0.4) Throwing
 + Level 7.1(6.4) Dodging
 - Level 1.0(0.4) Evocations


You had 7 spell levels left.
You didn't know any spells.
Your spell library was empty.

Dungeon Overview and Level Annotations

Branches:
Dungeon (8/15)
 Temple: D:4-7         Lair: D:8-11

Altars:
Elyvilon
Okawaru
Qazlal
Ru
Sif Muna
Trog
Uskayaw


Innate Abilities, Weirdness & Mutations

You are too large for most types of armour.
You have claws for hands.
Your natural rate of healing is unusually fast.
You are covered in fur. (AC +1)
You have extremely tough skin. (AC +3)


Message History

The wight closely misses you. The brown ugly thing pecks you!
You are splashed with acid!
The wight hits you but does no damage.
The brown ugly thing pecks you but does no damage.
As you read the scroll labeled QIPABONWEY, it crumbles to dust.
It is a scroll of amnesia.
You feel forgetful for a moment.
The wight hits you with a +4 dire flail!
* * * LOW HITPOINT WARNING * * *
You feel drained.
* * * LOW HITPOINT WARNING * * *
The brown ugly thing closely misses you.
It was a potion of magic.
Magic courses through your body.
The wight hits you with a +4 dire flail.
* * * LOW HITPOINT WARNING * * *
The brown ugly thing pecks you.
* * * LOW HITPOINT WARNING * * *
You are splashed with acid!
* * * LOW HITPOINT WARNING * * *
The brown ugly thing pecks you.
You die...

..........................
...>.......)............#..
........................###
..........##....#..#...#
......#..##....######.##
#.............## ##
..............#
........Zuz...#
.........#@.###
....#..†##### ........#
......≈...# ##...≈≈≈..#
.....≈≈≈≈.# ......≈≈≈P#
......≈≈≈.# #.........#


You could see a brown ugly thing, a wight and a bullfrog zombie.

Vanquished Creatures
  2 phantoms
  An ice beast (D:6)
  4 centaurs
  5 ogres
  A big kobold (D:8)
  A bullfrog (D:6)
  A wight (D:8)
  A howler monkey (D:4)
  A bullfrog zombie (D:6)
  A hound (D:5)
  A jelly (D:5)
  A bullfrog skeleton (D:4)
  A centaur skeleton (D:6)
  An orc wizard (D:4)
  Jessica (D:3)
  An iguana (D:5)
  2 worker ants
  A hound zombie (D:5)
  A worker ant zombie (D:5)
  A howler monkey zombie (D:8)
  A howler monkey skeleton (D:8)
  7 adders
  A white imp (D:5)
  An ooze (D:5)
  An adder zombie (D:6)
  4 worms
  2 leopard geckos
  10 orcs
  5 giant cockroaches
  4 goblins
  A hobgoblin (D:3)
  8 jackals
  3 quokkas (D:4)
  A ball python (D:4)
  2 bats
  3 frilled lizards
  5 kobolds
  4 rats
92 creatures vanquished.

Vanquished Creatures (others)
  A bush (D:5)
  A withered plant (D:8)
2 creatures vanquished.

Grand Total: 94 creatures vanquished

Notes
Turn   | Place    | Note
-------+----------+-------------------------------------------
     0 | D:1      | Lanoc the Troll Wanderer began the quest for the Orb.
     0 | D:1      | Lanoc set off with the following items: a +0 club, a potion
                  | of lignification, a potion of curing, a +2 robe
     0 | D:1      | Reached XP level 1. HP: 23/23 MP: 0/0
   102 | D:3      | Reached XP level 2. HP: 22/31 MP: 1/1
   293 | D:3      | Reached XP level 3. HP: 39/39 MP: 2/2
   404 | D:3      | Noticed Jessica
   412 | D:3      | Killed Jessica
   535 | D:4      | Reached XP level 4. HP: 44/48 MP: 3/3
   652 | D:4      | Found a shimmering blue altar of Sif Muna.
   679 | D:4      | Reached XP level 5. HP: 44/55 MP: 4/4
   688 | D:4      | HP: 1/55 [orc/+0 trident (6)]
  1020 | D:4      | Noticed an ogre
  1030 | D:4      | Killed an ogre
  1030 | D:4      | Reached XP level 6. HP: 19/65 MP: 5/5
  1258 | D:4      | Noticed a moth of wrath
  1261 | D:4      | Found a bloodstained altar of Trog.
  1599 | D:5      | Entered Level 5 of the Dungeon
  1660 | D:5      | Reached skill level 5 in Fighting
  2186 | D:5      | Reached skill level 5 in Dodging
  2186 | D:5      | Reached XP level 7. HP: 38/72 MP: 6/6
  2864 | D:6      | Reached XP level 8. HP: 59/84 MP: 7/7
  3751 | D:7      | Found a white marble altar of Elyvilon.
  3798 | D:7      | Noticed a hornet
  3807 | D:7      | You fall into a shaft and drop 1 floor!
  3807 | D:8      | Found a white marble altar of Elyvilon.
  3815 | D:8      | Found an iron altar of Okawaru.
  3957 | D:8      | Found a sacrificial altar of Ru.
  3981 | D:8      | Found a hide-covered altar of Uskayaw.
  3994 | D:8      | Found a stormy altar of Qazlal.
  4046 | D:8      | Noticed a brown ugly thing
  4076 | D:8      | HP: 3/87 [acid (10)]
  4076 | D:8      | Slain by a brown ugly thing

Illustrated notes

Levels and vault maps discovered:
D:1:      lightli_arrival_statuegarden, layout_basic
D:2:      layout_rooms, lemuel_crystal_altar, marbit_many_paths,
          hangedman_abyss_or_decor_stabs
D:3:      layout_rooms, uniq_jessica
D:4:      layout_basic, lemuel_round_altar, tgw_trog
D:5:      layout_basic, st_stairs_5, kb_lookout_dungeons_type
D:6:      layout_cave_pods
D:7:      layout_rooms, elyvilon_altar_1, nemelex_xobeh_ov_fountains_minmay,
          minmay_temple_entry_slanted, gammafunk_ghost_necromancy,
          kennysheep_cross_room, minmay_ruffians
D:8:      layout_cave_pools, nicolae_ru_sacrificial_ziggurat,
          okawaru_gym_becter, eat_drink_and_be_merry_uskayaw,
          grunt_qazlal_clouds, basic_altar, serial_undead, serial_undead_e,
          serial_undead_d, serial_undead_a, serial_undead_f, kennysheep_potato,
          uniq_pikel

Skill      XL: |  1  2  3  4  5  6  7  8 |
---------------+-------------------------+-----
Dodging        | 3 4 5 6 7 |  7.1
Fighting       | 4 5 6 7 |  7.4
Polearms       | |  1.0
Throwing       | |  1.0
Evocations     | |  1.0

Action                   |  1- 3 |  4- 6 |  7- 9 || total
-------------------------+-------+-------+-------++-------
Melee: Unarmed           |    68 |   214 |   263 ||   545
       Club              |     6 |       |       ||     6
  Use: Scroll            |       |       |     2 ||     2
       Potion            |       |       |     2 ||     2
 Stab: Sleeping          |       |     1 |       ||     1
Armor: Robe              |    41 |   102 |    61 ||   204
       Ice dragon scales |       |       |    81 ||    81
Dodge: Dodged            |    52 |   151 |   173 ||   376

Table legend: (Time is in decaauts)
 A = Elapsed time spent in this place.
 B = Non-inter-level travel time spent in this place.
 C = Inter-level travel time spent in this place.
 D = Time resting spent in this place.
 E = Time spent auto-exploring this place.
 F = Levels seen in this place.
 G = Mean time per level.
                   A        B        C        D        E       F      G
               +--------+--------+--------+--------+--------+-----+--------+
         Total |   4071 |   3958 |    113 |     54 |   2830 |   8 |  508.9 |
       Dungeon |   4071 |   3958 |    113 |     54 |   2830 |   8 |  508.9 |
               +--------+--------+--------+--------+--------+-----+--------+

Top non-repeatable levels by time:
     D:4: 1123 daAuts
     D:5: 1093 daAuts
     D:6: 1035 daAuts
     D:3: 381 daAuts
     D:8: 264 daAuts
     D:1: 86 daAuts
     D:7: 77 daAuts
     D:2: 6 daAuts
